 Dungeon Crawl Stone Soup version 0.28.0 (webtiles) character file.

Game seed: 6229185198666407474

3140 AmazingTV the Covered (level 9, -1/81 HPs)
             Began as a Minotaur Fighter on July 3, 2022.
             Was a Priest of Okawaru.
             Slain by a yak (5 damage)
             ... on level 8 of the Dungeon.
             The game lasted 00:23:13 (8504 turns).

AmazingTV the Covered (Minotaur Fighter)            Turns: 8504, Time: 00:23:14

Health: -1/81      AC: 14    Str: 23    XL:     9   Next: 61%
Magic:  12/12      EV: 10    Int:  7    God:    Okawaru [***...]
Gold:   322        SH:  5    Dex: 10    Spells: 8/8 levels left

rFire   + . .      SeeInvis .   a - +0 flail {mace}
rCold   + . .      Faith    .   c - +0 buckler
rNeg    . . .      Spirit   .   H - +3 ring mail {Will+}
rPois   .          Reflect  .   (helmet restricted)
rElec   .          Harm     .   S - scarf {rC+ rF+}
rCorr   .          Rampage  .   u - +0 pair of gloves
Will    +....                   N - +0 pair of boots
Stlth   ..........              (no amulet)
HPRegen 1.03/turn               p - ring of flight
MPRegen 0.13/turn               (no ring)

@: mighty, flying
A: horns 2, retaliatory headbutt, iridescent scales 1, deterioration 2,
regeneration 1
a: Renounce Religion, Heroism


You were on level 8 of the Dungeon.
You worshipped Okawaru.
Okawaru was most pleased with you.
You visited 2 branches of the dungeon, and saw 9 of its levels.

You collected 367 gold pieces.
You spent 45 gold pieces at shops.


Innate Abilities, Weirdness & Mutations

You have a pair of horns on your head.
You reflexively headbutt those who attack you in melee.
You are partially covered in iridescent scales. (AC +2)
Your body often deteriorates upon taking damage.
Your natural rate of healing is unusually fast.


   Skills:
 + Level 7.8 Fighting
 + Level 5.9(7.6) Axes
 + Level 7.4(8.3) Maces & Flails
 + Level 2.0 Crossbows
 + Level 7.9 Armour
 - Level 6.0 Shields
 + Level 5.7 Invocations


You had 8 spell levels left.
You didn't know any spells.
Your spell library contained the following spells:

 Spells                   Type           Power      Damage    Failure   Level
 Foxfire                  Conj/Fire      0%         2x1d4     65%         1
 Conjure Flame            Conj/Fire      0%         6-21      95%         3
 Inner Flame              Hex/Fire       0%         N/A       95%         3
 Flame Wave               Conj/Fire      0%         2d4       100%        4
 Orb of Destruction       Conj           0%         9d5       100%        7
 Summon Guardian Golem    Hex/Summ       Unusable   N/A       N/A         3
 Spellforged Servitor     Conj/Summ      Unusable   N/A       N/A         7

Inventory:

Hand Weapons
 a - a +0 flail (weapon) {mace}
 v - a +1 dagger of venom {short}
   (You found it on level 3 of the Dungeon)
 w - a +1 dagger of speed {short}
   (You took it off a goblin on level 3 of the Dungeon)
 B - a +0 hand axe {axe}
   (You took it off an orc on level 4 of the Dungeon)
 G - a +0 dagger of speed {short}
   (You took it off an orc on level 4 of the Dungeon)
 I - a +0 war axe {axe}
   (You found it on level 4 of the Dungeon)
 J - a +2 whip of freezing {mace}
   (You took it off Pikel on level 7 of the Dungeon)
 L - a +2 antimagic spear {polearm}
   (You took it off a gnoll on level 5 of the Dungeon)
 M - a +0 mace {mace}
   (You took it off an orc on level 5 of the Dungeon)
 P - a +0 halberd of flaming {polearm}
   (You took it off Maggie on level 7 of the Dungeon)
 T - a +1 dagger of freezing {short}
   (You took it off an orc on level 8 of the Dungeon)
Missiles
 e - 202 stones
 n - 95 arrows
 q - 43 sling bullets
 r - 2 throwing nets {=f!f}
 x - 6 boomerangs
 C - 5 silver boomerangs
 E - 2 datura-tipped darts
 F - 55 bolts
 K - 11 poisoned darts (quivered)
Armour
 c - a +0 buckler (worn)
 u - a +0 pair of gloves (worn)
   (You found it on level 3 of the Dungeon)
 H - a +3 ring mail of willpower (worn)
   (You took it off an orc on level 4 of the Dungeon)
 N - a +0 pair of boots (worn)
   (You found it on level 6 of the Dungeon)
 R - +0 steam dragon scales
   (You took it off Maggie on level 7 of the Dungeon)
 S - a scarf of resistance (worn)
   (You found it on level 7 of the Dungeon)
Jewellery
 p - a ring of flight (left hand)
   (You found it on level 2 of the Dungeon)
Wands
 Q - a wand of flame (22)
   (You took it off Maggie on level 7 of the Dungeon)
Scrolls
 f - a scroll of magic mapping {!r}
 h - 2 scrolls of amnesia {unknown}
 i - a scroll of enchant armour {unknown}
 k - a scroll of enchant weapon {unknown}
 o - 2 scrolls of fear {unknown}
 s - 2 scrolls of immolation {unknown}
 y - 4 scrolls of identify {unknown}
 z - 3 scrolls of teleportation {@r4}
Potions
 b - a potion of attraction {unknown}
 g - 2 potions of curing {@q1}
 j - 2 potions of brilliance {unknown}
 l - 3 potions of haste {unknown}
 m - 2 potions of berserk rage {unknown}
 A - a potion of cancellation {unknown}
 D - 2 potions of degeneration {unknown}
 O - 2 potions of heal wounds {unknown}

Dungeon Overview and Level Annotations

Branches:
Dungeon (8/15)             Temple (1/1) D:4
   Lair: D:8-11

Altars:
Ashenzari
Cheibriados
Dithmenos
Elyvilon
Fedhas
Hepliaklqana
Makhleb
Nemelex Xobeh
Okawaru
Qazlal
Ru
Sif Muna
Trog
Uskayaw
Vehumet
Yredelemnul
Zin
The Shining One

Shops:
D:1 * D:6

? #.#####. #<..# ##....#..
#...# #.......# #...
##......[# #..# ........#
#..# .#.. ........# ##..#
.... .. #....)###...# #..#
##. ##...).##...##..# ..#
#... ##......@Y...#...# #..##
....###......)#Y...#..#
#....#
..........######.....##......
..#.....## ##...##.....#
#.....# ##..#....# #...#.##
####......#
#[.##..#####........##
##.###..#..........## #.#
##...#####.....#


You could see 2 yaks.


Message History

😕 HP[+1]
You block the yak's attack. The yak gores you! 😕 HP[-8]
You take 8 damage, and now have 64/79 hp.
You barely miss the yak. You block the yak's attack.
You hit the yak but do no damage. The yak gores you! 😮 HP[-8]
You take 8 damage, and now have 56/79 hp.
You hit the yak but do no damage. Your headbutt misses the yak.
The yak gores you but does no damage. 😮 HP[+1] MP[+1]
The yak gores you.
There is a stone staircase leading up here. 😮 HP[-6]
You take 6 damage, and now have 51/79 hp.
You hit the yak but do no damage. The yak closely misses you.
You block the yak's attack.
You hit the yak. Your headbutt misses the yak. The yak closely misses you.
You furiously retaliate!
You headbutt the yak! You closely miss the yak.
The yak gores you but does no damage. You block the yak's attack.
You hit the yak but do no damage. Your headbutt misses the yak.
The yak gores you! You block the yak's attack. 😮 HP[-6]
You take 6 damage, and now have 45/79 hp.
You hit the yak. The yak gores you. 😮 HP[-5]
You take 5 damage, and now have 40/79 hp.
You sock the yak! The yak gores you but does no damage.
You barely miss the yak. The yak gores you.
* * * LOW HITPOINT WARNING * * *
The yak gores you.
* * * LOW HITPOINT WARNING * * *
😨 HP[-7]
You take 7 damage, and now have 33/79 hp.
You hit the yak.
You kill the yak!
Okawaru accepts your kill.
The yak gores you but does no damage. 😨 HP[+1] MP[+1]
You now have 80 max hp (+1).
Your mp is fully restored (12).
You feel very mighty all of a sudden. The yak misses you.
The yak gores you but does no damage.
You sock the yak!
You feel like a meek peon again. The yak gores you but does no damage.
You block the yak's attack.
You bludgeon the yak!! You headbutt the yak! The yak gores you.
* * * LOW HITPOINT WARNING * * *
You block the yak's attack. 😨 HP[-3]
You take 3 damage, and now have 31/80 hp.
You barely miss the yak. The yak gores you but does no damage.
The yak closely misses you. 😨 HP[+1] Unknown command.
You thump the yak! You headbutt the yak! The yak gores you.
* * * LOW HITPOINT WARNING * * *
The yak barely misses you. 😨 HP[-5]
You take 5 damage, and now have 27/80 hp.
You sock the yak!
You kill the yak!
Okawaru accepts your kill. The yak closely misses you.
You barely miss the yak. You block the yak's attack. The yak gores you!
* * * LOW HITPOINT WARNING * * *
😱 HP[-8]
You take 8 damage, and now have 19/80 hp.
You hit the yak.
You kill the yak!
Okawaru accepts your kill.
Okawaru will now gift you ammunition as you gain piety.
The yak gores you!
* * * LOW HITPOINT WARNING * * *
Your Crossbows skill increases to level 2! 😱 HP[-11]
You now have 81 max hp (+1).
You take 11 damage, and now have 8/81 hp.
You hit the yak. The yak closely misses you.
The yak gores you but does no damage.
You hit the yak. The yak closely misses you. The yak gores you.
* * * LOW HITPOINT WARNING * * *
The yak gores you but does no damage. x2 😱 HP[-4]
You take 4 damage, and now have 4/81 hp.
You feel better. The yak barely misses you. You furiously retaliate!
You headbutt the yak! The yak closely misses you. 😱 HP[+10]
You regained 10 hp, and now have 14/81 hp.
You sock the yak! Your headbutt misses the yak. The yak gores you!
* * * LOW HITPOINT WARNING * * *
You block the yak's attack. 😱 HP[-11]
You take 11 damage, and now have 3/81 hp.
It was a potion of mutation.
You feel extremely strange.
You feel yourself wasting away.
You begin to heal more quickly.
You feel your body start to fall apart.
Iridescent scales grow over part of your body.
The yak gores you.
You die...

Skill      XL: |  1  2  3  4  5  6  7  8  9 |
---------------+----------------------------+-----
Fighting       | 4 5 7 |  7.8
Invocations    | 1 2 3 5 |  5.7
Shields        | 4 5 6 |  6.0
Armour         | 4 5 7 |  7.9
Maces & Flails | 3 4 5 6 7 |  7.4
Axes           | 1 3 5 |  5.9
Crossbows      | 2 |  2.0

Action                   |  1- 3 |  4- 6 |  7- 9 || total
-------------------------+-------+-------+-------++-------
Melee: Flail             |   103 |   117 |   250 ||   470
       Headbutt          |    12 |    24 |    47 ||    83
Throw: Dart              |       |       |     4 ||     4
Invok: Heroism           |       |     1 |     7 ||     8
  Use: Scroll            |       |       |     3 ||     3
       Potion            |       |       |     3 ||     3
Armor: Scale mail        |    62 |    20 |       ||    82
       Ring mail         |       |    44 |   119 ||   163
Dodge: Dodged            |    44 |    70 |   143 ||   257
Block: Buckler           |    24 |    34 |    70 ||   128

Levels and vault maps discovered:
D:1:      noname_arrival_rooms_in_the_neighbourhood, layout_basic,
          nicolae_ecumenical_snake_handling, serial_shops, shop,
          hangedman_abyss_or_decor_stabs
D:2:      layout_rooms, glass_columns_a
D:3:      layout_loops_ring
D:4:      layout_basic, minmay_temple_entry_slanted, minivault_5
D:5:      layout_cave_pools, nicolae_ru_path_of_blood
D:6:      layout_loops_ring, yredelemnul_altar_generic, serial_shops, shop,
          st_stairs_1, hangedman_abyss_or_decor_stagger, grunt_ministairs_1,
          amcnicky_mini_corridor_feature, minmay_misc_feat_four_crosses,
          minmay_ruined_shrine
D:7:      wad_crossroads, layout_basic, uniq_maggie, uniq_pikel
D:8:      layout_layer_cave
Temple:   eino_temple_rhombus

Notes
Turn   | Place    | Note
-------+----------+-------------------------------------------
     0 | D:1      | AmazingTV the Minotaur Fighter began the quest for the Orb.
     0 | D:1      | Reached XP level 1. HP: 19/19 MP: 0/0
     0 | D:1      | magus.rc [v1.9.6]
   148 | D:1      | Reached XP level 2. HP: 24/27 MP: 1/1
   381 | D:1      | Found a faded altar of an unknown god.
   506 | D:1      | Found Olugeq's General Store.
   636 | D:1      | You pick up a book of Dangerous Friends and begin
                  | reading...
   636 | D:1      | You add the spells Summon Guardian Golem, Orb of
                  | Destruction and Spellforged Servitor to your library.
   706 | D:1      | Reached skill level 4 in Fighting
   706 | D:1      | Reached skill level 1 in Invocations
   707 | D:1      | Reached skill level 4 in Shields
   707 | D:1      | Reached XP level 3. HP: 33/33 MP: 2/2
   776 | D:1      | Reached skill level 4 in Armour
  1101 | D:2      | Reached skill level 3 in Maces & Flails
  1911 | D:3      | Reached XP level 4. HP: 40/40 MP: 4/4
  2528 | D:4      | Reached XP level 5. HP: 30/47 MP: 5/5
  2667 | D:4      | Reached skill level 2 in Invocations
  3443 | D:4      | Found a staircase to the Ecumenical Temple.
  3452 | Temple   | Entered the Ecumenical Temple
  3659 | Temple   | Became a worshipper of Warmaster Okawaru
  4090 | D:5      | Entered Level 5 of the Dungeon
  4115 | D:5      | Noticed a centaur
  4125 | D:5      | Killed a centaur
  4126 | D:5      | Reached skill level 4 in Maces & Flails
  4126 | D:5      | Reached XP level 6. HP: 31/55 MP: 6/6
  4132 | D:5      | Reached skill level 5 in Fighting
  4132 | D:5      | Reached skill level 1 in Axes
  4132 | D:5      | Reached skill level 5 in Armour
  4132 | D:5      | Reached skill level 5 in Shields
  4218 | D:5      | Reached * piety under Okawaru
  4501 | D:5      | Reached skill level 3 in Invocations
  4501 | D:5      | Reached XP level 7. HP: 49/61 MP: 8/8
  4621 | D:5      | Reached skill level 2 in Axes
  5232 | D:5      | Found a sacrificial altar of Ru.
  5388 | D:6      | Found a basalt altar of Yredelemnul.
  5413 | D:6      | Reached ** piety under Okawaru
  5414 | D:6      | Reached skill level 5 in Maces & Flails
  5423 | D:6      | Reached skill level 3 in Axes
  5424 | D:6      | Reached skill level 6 in Shields
  5424 | D:6      | Reached XP level 8. HP: 45/70 MP: 6/9
  5625 | D:6      | Reached skill level 6 in Fighting
  5625 | D:6      | Reached skill level 6 in Armour
  5663 | D:6      | HP: 16/70 [poisoned by a gnoll sergeant]
  5668 | D:6      | HP: 11/70 [poisoned by a gnoll sergeant]
  5693 | D:6      | HP: 9/70 [gnoll sergeant (5)]
  6154 | D:6      | Reached skill level 4 in Invocations
  6192 | D:6      | Reached skill level 4 in Axes
  6208 | D:6      | Found a broken altar of Ashenzari.
  6501 | D:6      | Reached skill level 6 in Maces & Flails
  6594 | D:6      | Found Ympel's Magic Scroll Shoppe.
  6600 | D:6      | Bought a scroll of teleportation for 45 gold pieces
  6831 | D:7      | Noticed Maggie
  6849 | D:7      | Killed Maggie
  6850 | D:7      | Reached skill level 7 in Armour
  7201 | D:7      | Noticed Pikel
  7328 | D:7      | Reached skill level 7 in Fighting
  7336 | D:7      | Killed Pikel
  7337 | D:7      | Reached skill level 5 in Axes
  7337 | D:7      | Reached skill level 5 in Invocations
  7337 | D:7      | Reached XP level 9. HP: 44/79 MP: 9/11
  7813 | D:7      | Reached skill level 7 in Maces & Flails
  7913 | D:7      | You pick up a book of Flames and begin reading...
  7913 | D:7      | You add the spells Foxfire, Conjure Flame, Inner Flame and
                  | Flame Wave to your library.
  7985 | D:7      | Reached skill level 1 in Crossbows
  8000 | D:7      | Noticed an eight-headed hydra
  8029 | D:7      | HP: 19/79 [eight-headed hydra (4)]
  8035 | D:7      | HP: 5/79 [eight-headed hydra (9)]
  8498 | D:8      | HP: 19/80 [yak (8)]
  8499 | D:8      | Reached *** piety under Okawaru
  8499 | D:8      | HP: 8/80 [yak (12)]
  8500 | D:8      | Reached skill level 2 in Crossbows
  8503 | D:8      | HP: 3/81 [yak (12)]
  8504 | D:8      | Gained mutation: Your body sometimes deteriorates upon
                  | taking damage. [potion of mutation]
  8504 | D:8      | Gained mutation: Your natural rate of healing is unusually
                  | fast. [potion of mutation]
  8504 | D:8      | Gained mutation: Your body often deteriorates upon taking
                  | damage. [potion of mutation]
  8504 | D:8      | Gained mutation: You are partially covered in iridescent
                  | scales. (AC +2) [potion of mutation]
  8504 | D:8      | Slain by a yak

Vanquished Creatures
  Pikel (D:7)
  Maggie (D:7)
  3 yaks (D:8)
  A sky beast (D:6)
  A black bear (D:6)
  An ice beast (D:7)
  An ogre (D:6)
  A phantom (D:5)
  2 centaurs
  A kobold brigand (D:7)
  3 bullfrogs
  2 scorpions (D:6)
  A wight (D:7)
  A centaur zombie (D:7)
  2 jellies
  4 orc priests
  A bullfrog zombie (D:6)
  6 hounds
  A bullfrog skeleton (D:6)
  2 centaur skeletons
  2 iguanas
  4 orc wizards
  A hound zombie (D:5)
  10 gnolls
  8 adders
  A shadow imp (D:6)
  An ufetubus (D:5)
  2 worms
  25 orcs
  7 ball pythons
  5 bats
  4 endoplasms
  2 giant cockroaches (D:1)
  4 goblins
  2 hobgoblins (D:4)
  11 jackals
  3 quokkas
  3 frilled lizards
  10 kobolds
  6 rats
147 creatures vanquished.

Table legend:
 A = Non-vault XP
 B = Vault XP
 C = Vault XP percentage of total XP
 D = Non-vault monster count
 E = Vault monster count
 F = Vault count percentage of total count
                 A         B        C        D         E       F
            +---------+---------+-------+---------+---------+-------
      Total |    2579 |    1908 |  42.5 |     126 |      21 |  14.3
            +---------+---------+-------+---------+---------+-------
        D:1 |      39 |       3 |   7.1 |      23 |       2 |   8.0
        D:2 |      27 |       0 |   0.0 |      10 |       0 |   0.0
        D:3 |      58 |       0 |   0.0 |      18 |       0 |   0.0
        D:4 |     216 |       0 |   0.0 |      20 |       0 |   0.0
        D:5 |     765 |       0 |   0.0 |      28 |       0 |   0.0
        D:6 |     360 |     751 |  67.6 |       8 |      15 |  65.2
        D:7 |     404 |    1154 |  74.1 |      11 |       4 |  26.7
        D:8 |     710 |       0 |   0.0 |       8 |       0 |   0.0
            +---------+---------+-------+---------+---------+-------

Illustrated notes

Table legend:
 A = Kills in this place as a percentage of kills in entire the game.
 B = Kills by you in this place as a percentage of kills by you in the entire game.
 C = Kills by friends in this place as a percentage of kills by friends in the entire game.
 D = Other kills in this place as a percentage of other kills in the entire game.
 E = Experience gained in this place as a percentage of experience gained in the entire game.
 F = Experience gained in this place divided by the number of levels of this place that you have seen.
                   A       B       C       D       E      F
               +-------+-------+-------+-------+-------+----------------------
         Total | 100.0 | 100.0 |   N/A |   N/A | 100.0 | 498.6
       Dungeon | 100.0 | 100.0 |   N/A |   N/A | 100.0 | 560.9
               +-------+-------+-------+-------+-------+----------------------

Table legend: (Time is in decaauts)
 A = Elapsed time spent in this place.
 B = Non-inter-level travel time spent in this place.
 C = Inter-level travel time spent in this place.
 D = Time resting spent in this place.
 E = Time spent auto-exploring this place.
 F = Levels seen in this place.
 G = Mean time per level.
                   A        B        C        D        E       F      G
               +--------+--------+--------+--------+--------+-----+--------+
         Total |   8580 |   8280 |    300 |   2325 |   4470 |   9 |  953.3 |
       Dungeon |   8363 |   8099 |    264 |   2325 |   4303 |   8 | 1045.4 |
        Temple |    217 |    181 |     36 |      0 |    167 |   1 |  217.0 |
               +--------+--------+--------+--------+--------+-----+--------+

Top non-repeatable levels by time:
     D:7: 1643 daAuts
     D:5: 1519 daAuts
     D:4: 1407 daAuts
     D:6: 1163 daAuts
     D:3: 1104 daAuts
     D:1: 896 daAuts
     D:2: 520 daAuts
  Temple: 217 daAuts
     D:8: 107 daAuts
